 Dungeon Crawl Stone Soup version 0.19-a0-811-gf4045fb (webtiles) character file.

57 Stormbringer the Insei (level 3, -3/29 HPs)
             Began as a Mummy Monk on June 28, 2016.
             Slain by Crazy Yiuf
             ... wielding a +3 quarterstaff of chaos
              (10 damage)
             ... on level 2 of the Dungeon.
             The game lasted 00:02:22 (2351 turns).

Stormbringer the Insei (Mummy Monk)                 Turns: 2351, Time: 00:02:23

Health: -3/29      AC:  0    Str: 14    XL:     3   Next: 73%
Magic:  3/3        EV: 13    Int:  9    God:
Gold:   126        SH:  0    Dex: 15    Spells: 0 memorised, 2 levels left

rFire  x . .     SeeInvis .       - Unarmed
rCold  + . .     Gourm    .     (no armour)
rNeg   + + +     Faith    .     (no shield)
rPois  ∞         Spirit   .     (no helmet)
rElec  .         Dismiss  .     (no cloak)
rCorr  .         Reflect  .     (no gloves)
SustAt .         Harm     .     (no boots)
MR     .....                    (no amulet)
Stlth  ++........               (no ring)
                                (no ring)

@: not resistant to hostile enchantments, unstealthy
A: no food or potions, fire vulnerability, cold resistance 1, negative energy
resistance 3, torment resistance, unbreathing
a: no special abilities


You were on level 2 of the Dungeon.
You were not hungry.

You visited 1 branch of the dungeon, and saw 3 of its levels.

You collected 126 gold pieces.


Innate Abilities, Weirdness & Mutations

You do not eat or drink.
Your flesh is vulnerable to fire.
You are immune to poison.
Your flesh is cold resistant. (rC+)
You are immune to negative energy. (rN+++)
You are immune to unholy pain and torment.
You can survive without breathing.


   Skills:
 - Level 3.0 Fighting
 - Level 2.4 Dodging
 - Level 1.5 Stealth
 + Level 3.9 Unarmed Combat


You had 2 spell levels left.
You didn't know any spells.

Inventory:

Missiles
 i - 35 bolts (quivered)
Scrolls
 a - 2 scrolls of teleportation {unknown}
 b - a scroll of amnesia {unknown}
 c - a scroll of fear {unknown}
 d - a scroll of enchant armour {unknown}
 e - a scroll of recharging {unknown}
 f - a scroll of magic mapping {unknown}
 g - a scroll of noise {unknown}
 h - 3 scrolls of blinking {unknown}

Dungeon Overview and Level Annotations

Branches:
Dungeon (3/15)

Altars:
Nemelex Xobeh

Annotations:
D:2 Crazy Yiuf
D:3 exclusions: orc and orc wizard

▒(▒▒.....▒▒▒._.▒▒▒.▒.▒
▒.........▒▒▒.▒▒▒..▒.▒
▒▒▒▒.▒▒....▒'▒+▒...▒.▒▒
▒.▒▒.....▒▒▒..!....▒
▒▒▒.▒▒......▒..▒▒.▒..▒
▒...▒▒.........▒▒.▒..▒
▒.▒▒▒▒.......<.▒..▒..▒
▒.▒ ▒..>......▒g▒▒..▒
▒.▒▒▒▒.........M.....▒
▒........▒▒▒▒.......▒▒
▒..▒▒▒▒▒.▒ ▒▒▒▒.▒▒▒▒
▒(.▒▒▒▒▒.▒▒▒ ▒.▒
▒......>...▒ ▒.▒
▒▒.▒▒▒▒▒.▒<▒▒▒▒▒.▒
▒.......▒...(...▒
▒▒▒▒▒▒▒▒▒▒▒▒▒▒▒▒▒


You could see Crazy Yiuf.


Message History

Crazy Yiuf shouts!!!
Found a mace!
Here: Crazy Yiuf, wielding a quarterstaff of chaos and wearing a cloak The floor!
You close the door!
Crazy Yiuf opens the door!
Crazy Yiuf the Enlightened opens the door!
He is wielding a quarterstaff of chaos!
Crazy Yiuf zaps a wand!
Crazy Yiuf seems to speed up!
It is a wand of hasting!
Crazy Yiuf whimpers, "Mugger cower horse!!!"
Crazy Yiuf hits you with a quarterstaff of chaos!!! * * * don't die
* * * Crazy Yiuf sings, "Trees, trees, trees, circus!!!"
Crazy Yiuf hits you with a quarterstaff of chaos! * * * don't die
* * * Crazy Yiuf closely misses you!
Crazy Yiuf cries, "You leg down broken song, no?"
There is an escape hatch in the ceiling here!
Things that are here:
a blowgun; 14 poisoned needles Crazy Yiuf twirls on the spot!
Crazy Yiuf barely misses you! A mysterious force pulls you upwards!
The hatch slams shut behind you! Crazy Yiuf misses you!
Crazy Yiuf screams, "Paint!!!
Candle blue ena!"
Crazy Yiuf hits you with a quarterstaff of chaos! * * * don't die
* * * Crazy Yiuf burns you! * * * don't die
* * * Crazy Yiuf hits you with a quarterstaff of chaos!!! rip

Action                   || total
-------------------------++-------
Melee: Unarmed           ||   131
       Punch             ||     5
 Stab: Sleeping          ||    11
       Distracted        ||     1
Dodge: Dodged            ||    76

Vault maps used:
D:1:      lemuel_arrival_broad_hall
D:2:      minmay_crystal_water, nemelex_diamond_rough_becter
D:3:      uniq_crazy_yiuf_cottage

Notes
Turn   | Place    | Note
--------------------------------------------------------------
     0 | D:1      | Stormbringer the Mummy Monk began the quest for the Orb.
     0 | D:1      | Reached XP level 1. HP: 18/18 MP: 1/1
   548 | D:1      | Reached XP level 2. HP: 18/24 MP: 2/2
   760 | D:1      | Reached skill level 3 in Unarmed Combat
  1268 | D:2      | Found a sparkling altar of Nemelex Xobeh.
  1357 | D:2      | Reached XP level 3. HP: 22/29 MP: 3/3
  2324 | D:3      | Found a runed door.
  2328 | D:3      | Noticed Crazy Yiuf
  2351 | D:2      | Slain by Crazy Yiuf

Vanquished Creatures
  2 adders
  2 worms (D:2)
  A ball python (D:1)
  2 bats
  3 giant cockroaches (D:1)
  4 goblins
  5 hobgoblins
  4 jackals (D:2)
  4 kobolds
  3 rats (D:2)
30 creatures vanquished.
